 Seeded DCSS version 0.28.0 (webtiles) character file.

Game seed: 13591998346360536447 (custom seed)

309 ravioli the Magician (level 6, 0/36 HPs)
             Began as an Octopode Earth Elementalist on Feb 13, 2022.
             Killed by divine providence
             ... invoked by an orc priest
              (11 damage)
             ... on level 5 of the Dungeon.
             The game lasted 00:08:42 (5234 turns).

ravioli the Magician (Octopode Earth Elementalist)  Turns: 5234, Time: 00:08:43

Health: 0/36       AC:  2    Str:  8    XL:     6   Next: 41%
Magic:  13/13      EV: 13    Int: 19    God:
Gold:   134        SH:  0    Dex: 18    Spells: 8/14 levels left

rFire   + + .      SeeInvis +   (no weapon)
rCold   . . .      Faith    .   (no shield)
rNeg    . . .      Spirit   .   l - +1 hat
rPois   .          Reflect  .   (no amulet)
rElec   .          Harm     .   g - ring of resist corrosion
rCorr   +          Rampage  .   h - ring of protection from fire
Will    .....                   k - ring of protection from fire
Stlth   ++++......              e - ring of Tam Xoim {Dex+6 SInv}
HPRegen 0.12/turn               (no ring)
MPRegen 0.13/turn               (no ring)
                                (no ring)
                                (no ring)

@: no status effects
A: almost no armour, amphibious, 8 rings, camouflage 1, gelatinous body 1,
(nimble swimmer 1), tentacles
a: no special abilities


You were on level 5 of the Dungeon.
You visited 1 branch of the dungeon, and saw 5 of its levels.

You collected 134 gold pieces.

Inventory:

Missiles
 b - 6 stones
Armour
 l - a +1 hat (worn)
Jewellery
 e - the ring of Tam Xoim (on tentacle) {Dex+6 SInv}
   (You acquired it on level 4 of the Dungeon)

   [ring of see invisible]

   Dex:       It affects your dexterity (+6).
   SInv:      It lets you see invisible.
 g - a ring of resist corrosion (left tentacle)
 h - a ring of protection from fire (right tentacle)
 k - a ring of protection from fire (on tentacle)
Wands
 i - a wand of flame (20)
Scrolls
 a - 2 scrolls of teleportation
 d - 3 scrolls of acquirement
 f - a scroll of vulnerability {unknown}
 m - 2 scrolls of summoning {unknown}
 o - a scroll of torment {unknown}
 q - a scroll of amnesia {unknown}
Potions
 c - 3 potions of haste
 j - a potion of heal wounds
 n - a potion of lignification
 p - a potion of mutation {unknown}


   Skills:
 + Level 2.2 Dodging
 + Level 3.1 Stealth
 + Level 4.8 Spellcasting
 + Level 1.0 Transmutations
 + Level 4.6 Earth Magic


You had 8 spell levels left.
You knew the following spells:

 Your Spells              Type           Power      Damage    Failure   Level
a - Sandblast             Erth           44%        2d11      1%          1
b - Stone Arrow           Conj/Erth      26%        3d8       14%         3
c - Passwall              Tmut/Erth      12%        N/A       6%          2

Your spell library contained the following spells:

 Spells                   Type           Power      Damage    Failure   Level
 Wereblood                Tmut           8%         N/A       13%         2
 Static Discharge         Conj/Air       4%         N/A       19%         2
 Sublimation of Blood     Necr           4%         N/A       19%         2
 Ozocubu's Armour         Ice            4%         N/A       36%         3
 Petrify                  Tmut/Erth      15%        N/A       36%         4
 Dispel Undead            Necr           4%         3d7       77%         4
 Sticky Flame             Conj/Fire      4%         2d3       77%         4
 Ozocubu's Refrigeration  Ice            2%         4d5       100%        7
 Summon Hydra             Summ           2%         N/A       100%        7


Dungeon Overview and Level Annotations

Branches:
Dungeon (5/15)
 Temple: D:4-7

Altars:
Hepliaklqana
The Shining One

Annotations:
D:3 2 transporters, croobank's ghost, weakling DgAM


Innate Abilities, Weirdness & Mutations

You cannot wear most types of armour.
You are amphibious.
You can wear up to eight rings at the same time.
Your skin changes colour to match your surroundings (Stealth+).
Your rubbery body absorbs attacks. (AC +1, EV +1)
((You are camouflaged when in or above water. (Stealth+)))
You have tentacles for arms and can constrict up to eight enemies at once.


Message History

Magic restored.
You start resting.
HP restored.
Things that are here:
a +0 flail; a gnoll corpse
Things that are here:
a +0 spear; a gnoll corpse You see here a +0 halberd.
You see here a +0 mace.
You see here a +0 mace.
You see here a +0 halberd.
Things that are here:
a +0 spear; a gnoll corpse
Things that are here:
a +0 flail; a gnoll corpse
There is a stone staircase leading down here.
There is a stone staircase leading up here.
There is a shaft here.
Done exploring.
Done exploring.
There is a stone staircase leading down here.
You climb downwards.
There is a stone staircase leading up here.
You climb upwards.
There is a stone staircase leading down here.
There is a stone staircase leading down here.
You climb downwards.
There is a stone staircase leading up here.
An orc comes into view. It is wielding a +0 whip.
Found 11 gold pieces.
Found an escape hatch in the ceiling.
The orc priest calls down the wrath of Beogh upon you.
Pain shoots through your body!
Unknown command.
The orc priest invokes the aid of Beogh against you.
Beogh smites you!
You hear a shout!
You hear an angry hiss.
There is a stone staircase leading up here.
You hear a shout! x3
The orc priest mumbles some strange prayers to Beogh against you.
Beogh smites you!
You die...

#.# #.#
#.# #.#
#.# . #.#
$.. #.#
..<..###@#
...o.....#
...o######
.


You could see an orc priest and an orc.

Vanquished Creatures
  A hound (D:4)
  A bullfrog skeleton (D:4)
  Natasha (thrice) (D:2)
  2 hound skeletons (D:4)
  3 gnolls (D:4)
  2 adders
  2 adder skeletons (D:4)
  3 worms
  6 dart slugs
  3 bats
  8 endoplasms
  2 giant cockroaches
  10 hobgoblins
  5 jackals
  8 kobolds
  A quokka (D:2)
  5 ball pythons
  A frilled lizard (D:2)
  4 goblins
  9 rats
  A spectral hobgoblin (D:4)
80 creatures vanquished.

Notes
Turn   | Place    | Note
-------+----------+-------------------------------------------
     0 | D:1      | ravioli the Octopode Earth Elementalist began the quest for
                  | the Orb.
     0 | D:1      | Reached XP level 1. HP: 11/11 MP: 3/3
   195 | D:1      | Reached XP level 2. HP: 17/17 MP: 3/5
   706 | D:1      | Reached XP level 3. HP: 21/21 MP: 5/7
  1057 | D:2      | Learned a level 3 spell: Stone Arrow
  1851 | D:2      | Reached XP level 4. HP: 24/27 MP: 5/8
  1995 | D:2      | Noticed Natasha
  2003 | D:2      | Killed Natasha
  2027 | D:2      | Noticed Natasha
  2030 | D:2      | Killed Natasha
  2031 | D:2      | Reached XP level 5. HP: 21/31 MP: 5/11
  2072 | D:2      | Noticed Natasha
  2078 | D:2      | Killed Natasha
  2450 | D:2      | Found a faded altar of an unknown god.
  2738 | D:3      | Found a glowing golden altar of the Shining One.
  3430 | D:3      | Found a transporter.
  3433 | D:3      | Noticed croobank's ghost (weakling DgAM)
  3619 | D:3      | Found a transporter.
  3867 | D:3      | Identified 3 scrolls of acquirement
  3901 | D:4      | Learned a level 2 spell: Passwall
  4001 | D:4      | Acquired the ring of Tam Xoim {Dex+6 SInv}
  4308 | D:4      | Reached XP level 6. HP: 36/36 MP: 10/12
  4809 | D:4      | Found a hazy altar of Hepliaklqana.
  5211 | D:5      | Entered Level 5 of the Dungeon
  5234 | D:5      | Killed from afar by an orc priest

Illustrated notes

Levels and vault maps discovered:
D:1:      wander_arrival_fairy_ring, layout_basic, chequers_serial_rivers_room_a
D:2:      layout_loops_ring, shapermc_ecumenical_altar_venn, uniq_natasha
D:3:      layout_loops_ring, mainiacjoe_overflow_chevrons,
          gammafunk_ghost_arena, hangedman_glass_teeth
D:4:      layout_basic, nicolae_hepliaklqana_monster_ancestors,
          due_unseen_surprise
D:5:      layout_basic, lemuel_doored_altar, overflow_temple_1_default,
          amethyst_overflow_temple_binary, minmay_manual_mess, uniq_ijyb,
          uniq_edmund, uniq_sigmund, uniq_menkaure

Skill      XL: |  1  2  3  4  5 |
---------------+----------------+-----
Stealth        | 3 |  3.1
Spellcasting   | 3 4 |  4.8
Earth Magic    | 4 |  4.6
Dodging        | |  2.2
Transmutations | |  1.0

Action                   |  1- 3 |  4- 6 || total
-------------------------+-------+-------++-------
 Cast: Sandblast         |    61 |    75 ||   136
       Stone Arrow       |       |     2 ||     2
  Use: Scroll            |       |     6 ||     6
Armor: Skin              |     3 |     4 ||     7
Dodge: Dodged            |     9 |    15 ||    24
